 Dungeon Crawl Stone Soup version 0.18.1-5-g4a78601 (webtiles) character file.

8501 shmeve the Cleaver (level 11, -16/101 HPs)
             Began as a Hill Orc Fighter on May 11, 2016.
             Was a Priest of Beogh.
             Demolished by an orc warrior
             ... wielding a +0 trident
              (24 damage)
             ... on level 10 of the Dungeon.
             The game lasted 00:22:47 (10109 turns).

shmeve the Cleaver (Hill Orc Fighter)              Turns: 10109, Time: 00:22:47

Health: -16/101    AC: 18    Str: 23    XL:     11   Next: 31%
Magic:  11/11      EV:  7    Int:  8    God:    Beogh [***...]
Gold:   692        SH: 14    Dex: 10    Spells: 0 memorised, 10 levels left

rFire  . . .     SeeInvis .     a - +0 war axe
rCold  . . .     Gourm    .     g - +0 plate armour (curse)
rNeg   . . .     Faith    +     E - +2 shield
rPois  .         Spirit   .     (no helmet)
rElec  .         Dismiss  .     n - +1 cloak
rCorr  .         Reflect  .     (no gloves)
SustAt .         Harm     .     p - +0 pair of boots
MR     .....                    w - amulet of faith
Stlth  ..........               (no ring)
                                (no ring)

@: not resistant to hostile enchantments, extremely unstealthy
A: no striking features
a: Smiting, Renounce Religion


You were on level 10 of the Dungeon.
You worshipped Beogh.
Beogh was most pleased with you.
You were not hungry.

You visited 1 branch of the dungeon, and saw 10 of its levels.

You collected 692 gold pieces.

Inventory:

Hand Weapons
 a - a +0 war axe (weapon)
Armour
 g - a cursed +0 plate armour (worn)
 n - a +1 cloak (worn)
 p - a +0 pair of boots (worn)
 E - a +2 shield (worn)
Jewellery
 w - an amulet of faith (around neck)
Wands
 J - a wand of lightning (5/15)
Scrolls
 b - 6 scrolls of remove curse {unknown}
 e - 3 scrolls of fog {unknown}
 k - 2 scrolls of magic mapping {unknown}
 l - 8 scrolls of identify {unknown}
 o - 3 scrolls of amnesia {unknown}
 q - 3 scrolls of enchant weapon {unknown}
 s - 3 scrolls of recharging {unknown}
 t - 2 scrolls of enchant armour {unknown}
 v - 3 scrolls of teleportation {unknown}
 A - 4 scrolls of blinking {unknown}
 B - 3 scrolls of immolation {unknown}
 D - 2 scrolls of noise {unknown}
 H - a scroll of fear {unknown}
 I - a scroll of holy word {unknown}
Potions
 h - 2 potions of mutation {unknown}
 j - 7 potions of curing {unknown}
 m - a potion of invisibility {unknown}
 r - 2 potions of flight {unknown}
 u - 3 potions of degeneration {unknown}
 C - a potion of resistance {unknown}
 G - a potion of lignification {unknown}
Books
 y - a book of Death

   Spells                             Type                      Level
   a - Corpse Rot                     Necromancy                   2
   b - Sublimation of Blood           Necromancy                   2
   c - Agony                          Necromancy                   5
   d - Dispel Undead                  Necromancy                   5
   e - Excruciating Wounds            Charms/Necromancy            5
   f - Bolt of Draining               Conjuration/Necromancy       5
Comestibles
 c - 5 chunks of flesh
 d - 7 slices of pizza
 f - 11 bread rations
 i - a royal jelly
 x - 3 meat rations
 F - 2 beef jerkies


   Skills:
 * Level 10.8 Fighting
 * Level 11.8 Axes
 + Level 7.4 Armour
 + Level 4.9 Dodging
 * Level 9.8 Shields


You had 10 spell levels left.
You didn't know any spells.

Dungeon Overview and Level Annotations

Branches:
Dungeon (10/15)            Temple (0/1) D:4            Lair (0/8) D:10
    Orc (0/2) D:10

Altars:
Ashenzari
Cheibriados
Elyvilon
Fedhas
Gozag
Kikubaaqudgha
Makhleb
Okawaru
Qazlal
Ru
Vehumet
Xom
Yredelemnul
Zin
The Shining One
Beogh

Annotations:
D:10 exclusion: oklob plant


Message History

The orc is moderately wounded.
You closely miss the orc knight.
The orc knight is moderately wounded.
You hit the orc warrior but do no damage.
The orc warrior is lightly wounded.
Your orc warrior completely misses the orc warrior.
You block the orc warrior's attack. You block the orc's attack.
You block the orc warrior's attack.
The orc knight hits you with a war axe!!
* * * LOW HITPOINT WARNING * * *
You slash the orc!
You kill the orc!
Beogh accepts your kill.
You hit the orc warrior.
The orc warrior is moderately wounded.
You closely miss the orc knight.
The orc knight is moderately wounded.
Your orc warrior hits the orc warrior but does no damage.
The orc warrior hits you from afar with a trident!!
You die... ...PPPP #.......... ..PP>P. #...... ..⌠..#.......... ...PPPP

#......#.....#..........
.##.PP
......#.....#..........
..#...
.....#8)_.>##..###+##.
#.....
#...#.....###'##..##.
.#####
#...#oo...##......... .+
#..o8[)⌠..##......... .#
##..)@o....##..##..##.
..
#....8)....##..##..##.
..
#....#.....#....+..#..
#....#######.o..#..#..
#......######o.##..###
###+##....###o.#######
+..o.'....#.....'
#....#....#.....#
#....#..#########


You could see an orc knight, 2 orc warriors and a friendly orc warrior.

Vanquished Creatures
  Pikel (D:10)
  An unseen horror (D:10)
  An orc knight (D:10)
  The ghost of shmeve the Chopper, a novice HOFi of Beogh (D:4)
  A troll (D:8)
  2 wraiths (D:8)
  Eustachio (D:6)
  Sigmund (D:6)
  A hog (D:7)
  A human (D:7)
  A hungry ghost (D:7)
  5 yaks (D:10)
  Menkaure (D:6)
  A mottled dragon (D:8)
  A water moccasin (D:7)
  4 slaves (D:7)
  An orc warrior (D:10)
  An ice beast (D:9)
  2 sky beasts
  2 necrophages (D:8)
  4 phantoms
  4 centaurs
  9 ogres
  A crocodile (D:8)
  2 big kobolds (D:7)
  A giant frog (D:6)
  A scorpion (D:6)
  A water moccasin skeleton (D:7)
  A troll zombie (D:8)
  3 wights (D:10)
  6 killer bees (D:8)
  A howler monkey (D:7)
  2 electric eels (D:7)
  4 crimson imps
  2 jellies
  A hound (D:5)
  2 giant frog skeletons
  4 human zombies (D:8)
  4 orc priests
  6 orc wizards
  2 centaur skeletons
  2 iguanas
  8 worker ants
  A human skeleton (D:8)
  3 sheep (D:7)
  An ogre zombie (D:8)
  A hound skeleton (D:6)
  A hound zombie (D:10)
  A mummy (D:8)
  A howler monkey skeleton (D:6)
  7 gnolls
  5 adders
  An ooze (D:6)
  An adder zombie (D:7)
  2 adder skeletons
  2 worms
  2 dart slugs
  5 giant geckos
  29 orcs
  2 ball pythons
  3 giant cockroaches
  5 hobgoblins
  15 jackals
  2 quokkas
  7 bats
  5 giant newts
  9 goblins
  20 kobolds
  A quokka skeleton (D:5)
  9 rats
242 creatures vanquished.

Vanquished Creatures (collateral kills)
  3 orcs (D:10)
3 creatures vanquished.

Vanquished Creatures (others)
  A jelly (D:7)
  A worker ant (D:7)
  14 orcs
  A plant (D:7)
17 creatures vanquished.

Grand Total: 262 creatures vanquished

Notes
Turn   | Place    | Note
--------------------------------------------------------------
     0 | D:1      | shmeve the Hill Orc Fighter began the quest for the Orb.
     0 | D:1      | Reached XP level 1. HP: 19/19 MP: 1/1
    26 | D:1      | Reached XP level 2. HP: 22/27 MP: 2/2
   272 | D:1      | Reached skill level 3 in Axes
   480 | D:2      | Found a radiant altar of Vehumet.
   488 | D:2      | Found a shattered altar of Ashenzari.
   508 | D:2      | Reached XP level 3. HP: 33/33 MP: 3/3
   676 | D:2      | Found an iron altar of Okawaru.
   915 | D:2      | Reached XP level 4. HP: 40/40 MP: 4/4
  1088 | D:2      | Found a white marble altar of Elyvilon.
  1229 | D:3      | Reached skill level 4 in Axes
  1313 | D:3      | Reached skill level 1 in Dodging
  2039 | D:3      | Reached XP level 5. HP: 47/47 MP: 5/5
  2293 | D:4      | Found a staircase to the Ecumenical Temple.
  2445 | D:4      | Noticed shmeve's ghost (novice HOFi)
  2455 | D:4      | Killed shmeve's ghost
  2455 | D:4      | Reached skill level 5 in Fighting
  2455 | D:4      | Reached skill level 5 in Axes
  2455 | D:4      | Reached XP level 6. HP: 32/56 MP: 6/6
  2455 | D:4      | Reached XP level 7. HP: 35/61 MP: 7/7
  2559 | D:4      | Reached skill level 5 in Shields
  2768 | D:4      | Found a blossoming altar of Fedhas.
  2794 | D:4      | Found a burning altar of Makhleb.
  2821 | D:4      | Reached skill level 6 in Axes
  3228 | D:4      | Found a glowing golden altar of the Shining One.
  3403 | D:5      | Entered Level 5 of the Dungeon
  3438 | D:5      | Reached XP level 8. HP: 39/70 MP: 8/8
  3750 | D:5      | Found a sacrificial altar of Ru.
  3834 | D:5      | Reached skill level 7 in Axes
  4073 | D:5      | Reached skill level 5 in Armour
  4642 | D:6      | Noticed Sigmund
  4652 | D:6      | Killed Sigmund
  4688 | D:6      | Noticed Menkaure
  4702 | D:6      | Killed Menkaure
  4702 | D:6      | Reached skill level 8 in Axes
  4702 | D:6      | Reached XP level 9. HP: 26/79 MP: 9/9
  4972 | D:6      | Found a shimmering altar of Xom.
  5103 | D:6      | Found an opulent altar of Gozag.
  5103 | D:6      | Found a glowing silver altar of Zin.
  5304 | D:6      | Noticed Eustachio
  5387 | D:6      | Killed Eustachio
  6225 | D:7      | Reached skill level 9 in Axes
  6535 | D:7      | Became a worshipper of Beogh the Brigand
  7488 | D:7      | Reached XP level 10. HP: 52/90 MP: 10/10
  7611 | D:8      | Reached * piety under Beogh
  7645 | D:8      | Reached skill level 10 in Axes
  8399 | D:8      | Found an ancient bone altar of Kikubaaqudgha.
  8484 | D:8      | Reached ** piety under Beogh
  8775 | D:9      | Found a stormy altar of Qazlal.
  8915 | D:9      | Found a snail-covered altar of Cheibriados.
  8946 | D:9      | Found a basalt altar of Yredelemnul.
  9243 | D:10     | Entered Level 10 of the Dungeon
  9262 | D:10     | Noticed Pikel
  9302 | D:10     | Killed Pikel
  9302 | D:10     | Reached skill level 10 in Fighting
  9302 | D:10     | Reached skill level 11 in Axes
  9316 | D:10     | Found a staircase to the Lair.
  9328 | D:10     | Noticed an oklob plant
  9417 | D:10     | Reached XP level 11. HP: 35/100 MP: 11/11
  9420 | D:10     | Reached *** piety under Beogh
  9835 | D:10     | Killed an unseen horror
 10079 | D:10     | Found a roughly hewn altar of Beogh.
 10079 | D:10     | Found a staircase to the Orcish Mines.
 10083 | D:10     | Noticed an orc knight
 10083 | D:10     | Noticed an orc knight
 10104 | D:10     | Killed an orc knight
 10109 | D:10     | Demolished by an orc warrior

Skill      XL: |  1  2  3  4  5  6  7  8  9 10 |
---------------+-------------------------------+-----
Axes           | 3 4 5 6 8 9 11 | 11.8
Fighting       | 4 5 6 7 8 10 | 10.8
Dodging        | 1 2 3 4 |  4.9
Shields        | 4 5 7 8 9 |  9.8
Armour         | 4 5 6 7 |  7.4

Action                   |  1- 3 |  4- 6 |  7- 9 | 10-12 || total
-------------------------+-------+-------+-------+-------++-------
Melee: War axe           |   122 |   199 |   474 |   391 ||  1186
Invok: Convert to Beogh  |       |       |     1 |       ||     1
  Use: Potion            |       |     1 |     1 |     2 ||     4
  Eat: Chunk             |       |     6 |    15 |     7 ||    28
       Pizza             |       |       |     1 |       ||     1
       Fruit             |       |       |       |     3 ||     3
       Royal jelly       |       |       |       |     2 ||     2
Armor: Scale mail        |     8 |       |       |       ||     8
       Plate armour      |    96 |   227 |   258 |   194 ||   775
Dodge: Dodged            |    15 |    46 |    92 |    87 ||   240
Block: Shield            |    63 |   158 |   268 |   272 ||   761
